 Dungeon Crawl Stone Soup version 0.29.1-15-g9cfb28693d (webtiles) character file.

Game seed: 17423699997370034642

19 protoss039 the Digger (level 2, -2/21 HPs)
             Began as a Demonspawn Earth Elementalist on Mar 12, 2023.
             Slain by a gnoll
             ... wielding a +0 spear
             ... led by a gnoll bouda
              (6 damage)
             ... on level 2 of the Dungeon.
             The game lasted 00:01:15 (675 turns).

protoss039 the Digger (DsEE)                         Turns: 675, Time: 00:01:16

Health: -2/21      AC: 10    Str:  8    XL:     2   Next: 55%
Magic:  5/5        EV: 11    Int: 22    God:
Gold:   78         SH:  0    Dex: 13    Spells: 2/5 levels left

rFire   . . .      SeeInvis .   k - +2 rapier (elec)
rCold   . . .      Faith    .   (no shield)
rNeg    . . .      Spirit   .   p - +0 leather armour
rPois   .          Reflect  .   c - +0 helmet
rElec   .          Harm     .   (no cloak)
rCorr   .          Rampage  .   (no gloves)
Will    .....                   (no boots)
Stlth   ++........              (no amulet)
HPRegen 0.07/turn               d - +6 ring of intelligence
MPRegen 0.09/turn               l - +4 ring of protection

@: weakened
A: icy blue scales 1
a: no special abilities


You were on level 2 of the Dungeon.
You visited 1 branch of the dungeon, and saw 2 of its levels.

You collected 78 gold pieces.

Inventory:

Hand Weapons
 k - a +2 rapier of electrocution (weapon)
Armour
 c - a +0 helmet (worn)
 p - a +0 leather armour (worn)
Jewellery
 d - a +6 ring of intelligence (left hand)
 l - a +4 ring of protection (right hand)
Scrolls
 e - 2 scrolls of fear
 h - 2 scrolls of blinking {unknown}
 i - a scroll of vulnerability {unknown}
 j - 2 scrolls of identify {unknown}
 m - a scroll of immolation {unknown}
 n - a scroll of teleportation {unknown}
Potions
 b - 2 potions of magic
 f - 2 potions of brilliance {unknown}
 g - 2 potions of curing {unknown}
 o - a potion of haste {unknown}


   Skills:
 + Level 1.1 Fighting
 - Level 1.7 Dodging
 - Level 1.7 Stealth
 + Level 2.3 Spellcasting
 - Level 0.8 Transmutations
 + Level 3.0 Earth Magic


You had 2 spell levels left.
You knew the following spells:

 Your Spells              Type           Power      Damage    Failure   Level
a - Sandblast             Erth           30%        2d9       5%          1
b - Passwall              Tmut/Erth      9%         N/A       13%         2

Your spell library contained the following spells:

 Spells                   Type           Power      Damage    Failure   Level
 Stone Arrow              Conj/Erth      18%        3d8       30%         3
 Petrify                  Tmut/Erth      11%        N/A       65%         4
 Metabolic Englaciation   Hex/Ice        1%         N/A       99%         5
 Statue Form              Tmut/Erth      7%         N/A       100%        6


Dungeon Overview and Level Annotations

Branches:
Dungeon (2/15) Zot: 11316

Altars:


Innate Abilities, Weirdness & Mutations

You are partially covered in icy blue scales. (AC +2)


Message History

Unknown command.
A hobgoblin is nearby!
A hobgoblin is nearby!
Found a chain mail.
The helpless hobgoblin fails to defend itself.
You hit the hobgoblin.
You kill the hobgoblin!
Unknown command.
No target in view!
You now have 78 gold pieces (gained 6).
Found a ring mail.
A goblin comes into view. It is wielding a +0 club.
Found 8 stones.
A gnoll bouda and 2 gnolls come into view.
The goblin shouts!
The gnoll shouts!
The gnoll bouda shouts!
A gnoll comes into view. It is wielding a +0 spear.
The gnoll shouts!
There are monsters nearby!
There are monsters nearby!
You hit the gnoll bouda.
The gnoll bouda is lightly wounded.
The gnoll hits you from afar with a +0 spear!
The gnoll bouda completely misses you.
The goblin unwields a +0 club.
The goblin wields a +0 sling.
The goblin shoots a sling bullet.
The sling bullet closely misses you.
There are monsters nearby!
You hit the gnoll bouda.
The gnoll bouda is heavily wounded.
The gnoll bouda hits you with a +0 club.
The gnoll hits you from afar with a +0 halberd!
* * * LOW HITPOINT WARNING * * *
The gnoll hits you but does no damage.
The goblin shoots a sling bullet.
The sling bullet hits you but does no damage.
Unknown command.
The gnoll bouda barks out a call to the hunt!
The gnoll picks up the pace!
The gnoll bouda gazes fiercely through you!
You feel your attacks grow feeble.
The gnoll hits you from afar with a +0 spear.
You die...

..##.#$.(.....
#.##.....g.#
#.##.#g#
#.##g#.#
#.##.#.#
#.##.#g# #.#
#.##g#.######
#.#
###.##.g.....[..
#.#
#....@.#........
#.#
#.#.############
#.# #.#.# #.#
#.#.# ##.###
#.#.. .....#
#.###
.....#######.#
.............#
.....##.######


You could see a gnoll bouda and 2 gnolls.

Vanquished Creatures
  2 endoplasms (D:1)
  A giant cockroach (D:1)
  2 hobgoblins
  A kobold (D:1)
  A quokka (D:1)
  4 ball pythons (D:1)
  A bat (D:1)
  2 frilled lizards (D:1)
  4 rats (D:1)
18 creatures vanquished.

Notes
Turn   | Place    | Note
-------+----------+-------------------------------------------
     0 | D:1      | protoss039 the Demonspawn Earth Elementalist began the
                  | quest for the Orb.
     0 | D:1      | Reached XP level 1. HP: 13/13 MP: 3/3
   141 | D:1      | Gained mutation: You are partially covered in icy blue
                  | scales. (AC +2) [demonic ancestry]
   141 | D:1      | Reached XP level 2. HP: 20/20 MP: 3/5
   195 | D:1      | Reached skill level 1 in Fighting
   407 | D:1      | Reached skill level 3 in Earth Magic
   621 | D:1      | Learned a level 2 spell: Passwall
   675 | D:2      | Slain by a gnoll

Illustrated notes

Levels and vault maps discovered:
D:1:      heliophobic_arrival_enchanted_forest, layout_rooms, minmay_tall_x
D:2:      layout_loops_ring, hellmonk_ecumenical_altar_inner_sanctum

Skill      XL: |  1  2 |
---------------+-------+-----
Fighting       | 1 |  1.1
Earth Magic    | 3 |  3.0
Dodging        | |  1.7
Stealth        | |  1.7
Spellcasting   | |  2.3
Transmutations | |  0.8

Action                   || total
-------------------------++-------
Melee: Rapier            ||     8
       Dagger            ||     1
 Cast: Sandblast         ||    16
  Use: Scroll            ||     1
 Stab: Sleeping          ||     2
Armor: Robe              ||    10
       Leather armour    ||     2
Dodge: Dodged            ||    18
